 Dungeon Crawl Stone Soup version 0.30-a0-760-g5a9884bb7c (webtiles) character file.

Game seed: 17918597315393377435

120 Newt the Trooper (level 4, 0/37 HPs)
             Began as a Demonspawn Gladiator on Feb 11, 2023.
             Slain by an orc warrior
             ... wielding a +0 morningstar
              (16 damage)
             ... on level 3 of the Dungeon.
             The game lasted 00:02:28 (2556 turns).

Newt the Trooper (Demonspawn Gladiator)             Turns: 2556, Time: 00:02:29

Health: 0/37       AC:  5    Str: 17    XL:     4   Next: 75%
Magic:  4/4        EV: 12    Int:  9    God:
Gold:   90         SH:  4    Dex: 14    Spells: 3/3 levels left

rFire   . . .      SeeInvis .    g - +0 short sword (elec)
rCold   . . .      Faith    .    (no shield)
rNeg    . . .      Spirit   .    b - +0 leather armour
rPois   .          Reflect  .    c - +0 helmet
rElec   .          Harm     .    n - +0 cloak
rCorr   .          Rampage  .    (no gloves)
Will    .....                    (no boots)
Stlth   +                        (no amulet)
HPRegen 0.26/turn                (no ring)
MPRegen 0.09/turn                (no ring)

@: no status effects
A: hooves 1, condensation shield
a: no special abilities


You were on level 3 of the Dungeon.
You visited 1 branch of the dungeon, and saw 3 of its levels.

You collected 126 gold pieces.
You spent 36 gold pieces at shops.

Inventory:

Hand Weapons
 a - a +0 rapier
 g - a +0 short sword of electrocution (weapon)
Missiles
 d - 3 throwing nets (quivered)
 e - a javelin
 k - 4 atropa-tipped darts
Armour
 b - a +0 leather armour (worn)
 c - a +0 helmet (worn)
 n - a +0 cloak (worn)
Wands
 f - a wand of iceblast (3)
 s - a wand of polymorph (11)
Scrolls
 h - a scroll of immolation {unknown}
 i - 3 scrolls of identify {unknown}
 j - a scroll of noise {unknown}
 m - a scroll of blinking {unknown}
Potions
 l - 3 potions of curing
 o - 2 potions of flight {unknown}
 p - a potion of mutation {unknown}
 q - 2 potions of attraction {unknown}
 r - a potion of invisibility {unknown}
 t - a potion of haste {unknown}


   Skills:
 - Level 4.0 Fighting
 + Level 3.9 Short Blades
 - Level 1.7 Throwing
 - Level 2.6 Dodging


You had 3 spell levels left.
You didn't know any spells.
Your spell library contained the following spells:

 Spells                   Type           Power      Damage    Failure   Level
 Beastly Appendage        Tmut           0%         N/A       45%         1
 Necrotise                Necr           0%         1d4       45%         1
 Wereblood                Tmut           0%         N/A       58%         2
 Spider Form              Tmut/Pois      0%         N/A       83%         3
 Vampiric Draining        Necr           0%         2d6       83%         3
 Leda's Liquefaction      Hex/Erth       0%         N/A       99%         4
 Agony                    Necr           0%         N/A       100%        5
 Lee's Rapid Deconstruct  Erth           0%         3d4*      100%        5
 Statue Form              Tmut/Erth      0%         N/A       100%        6


Dungeon Overview and Level Annotations

Branches:
Dungeon (3/15)

Altars:

Shops:
D:1 ==!

Annotations:
D:3 1 runed translucent door, Crazy Yiuf


Innate Abilities, Weirdness & Mutations

You have large cloven feet.
A meltable shield of frost defends you. (SH +4)


Message History

You hit the orc warrior.
You kick the orc warrior, but do no damage.
The orc warrior is lightly wounded.
The orc warrior hits you with a +0 morningstar!
You hit the orc warrior but do no damage.
Your kick misses the orc warrior.
The orc warrior is lightly wounded.
You hit the orc warrior. Your kick misses the orc warrior.
The orc warrior is lightly wounded.
The orc warrior closely misses you.
You hit the orc warrior but do no damage.
Lightning courses through the orc warrior!
Your kick misses the orc warrior.
The orc warrior is severely wounded.
The orc warrior closely misses you.
There are monsters nearby!
There are monsters nearby!
You barely miss the orc warrior.
The orc warrior is severely wounded.
The orc warrior barely misses you.
You hit the orc warrior but do no damage.
You kick the orc warrior, but do no damage.
The orc warrior is severely wounded.
The orc warrior hits you with a +0 morningstar!
You are too injured to fight recklessly!
You are too injured to fight recklessly!
You are too injured to fight recklessly!
You are too injured to fight recklessly!
You are too injured to fight recklessly!
You are too injured to fight recklessly!
You are too injured to fight recklessly!
You are too injured to fight recklessly!
You are too injured to fight recklessly!
Unknown command.
You hit the orc warrior but do no damage.
The orc warrior is severely wounded.
You hit the orc warrior but do no damage.
The orc warrior is severely wounded.
The orc warrior hits you with a +0 morningstar!
You die...

..######....####.#
..# #.........#
###
#..)......########
#.................
#..........#######
#.......>(.#
#..........#
########.### #.@.#
###o# g.. .....
.....# .....#
.....# .....#


You could see an orc warrior and a goblin.

Vanquished Creatures
  Jessica (D:3)
  Ijyb (D:3)
  An adder (D:3)
  2 dart slugs
  5 orcs (D:3)
  6 endoplasms
  3 giant cockroaches
  6 goblins
  3 hobgoblins
  A quokka (D:1)
  3 ball pythons (D:1)
  7 bats
  6 frilled lizards
  2 kobolds
  3 rats
50 creatures vanquished.

Vanquished Creatures (others)
  5 toadstools (D:1)
5 creatures vanquished.

Grand Total: 55 creatures vanquished

Notes
Turn   | Place    | Note
-------+----------+-------------------------------------------
     0 | D:1      | Newt the Demonspawn Gladiator began the quest for the Orb.
     0 | D:1      | Reached XP level 1. HP: 16/16 MP: 1/1
   166 | D:1      | Discovered your monstrous ancestry.
   166 | D:1      | Gained mutation: You have large cloven feet. [demonic
                  | ancestry]
   166 | D:1      | Reached XP level 2. HP: 23/23 MP: 2/2
   216 | D:1      | Reached skill level 3 in Fighting
   354 | D:1      | Found Mothrug's Jewellery Shop.
   377 | D:1      | Found Vicucof's Distillery.
   399 | D:1      | Bought a potion of curing for 36 gold pieces
   567 | D:1      | Found Juasyome's Jewellery Boutique.
   672 | D:1      | Found a faded altar of an unknown god.
  1136 | D:2      | Gained mutation: A meltable shield of frost defends you.
                  | (SH +4) [demonic ancestry]
  1136 | D:2      | Reached XP level 3. HP: 29/29 MP: 3/3
  1847 | D:3      | Reached skill level 4 in Fighting
  1937 | D:3      | Noticed an orc warrior
  2177 | D:3      | Noticed Jessica
  2184 | D:3      | Killed Jessica
  2185 | D:3      | Reached XP level 4. HP: 36/37 MP: 4/4
  2243 | D:3      | Noticed Ijyb
  2259 | D:3      | Killed Ijyb
  2482 | D:3      | Found a runed translucent door.
  2483 | D:3      | Noticed Crazy Yiuf
  2556 | D:3      | Slain by an orc warrior

Illustrated notes

Levels and vault maps discovered:
D:1:      ldierk_walled_garden, layout_loops_ring,
          shapermc_ecumenical_altar_mp_vishouse, serial_shops,
          nicolae_shop_statue_plus, nicolae_shop_crystal,
          nicolae_shop_advertising_works [nicolae_subvault_shop_adworks]
D:2:      layout_basic, chequers_mini_garden, dk_vineyard_1
D:3:      layout_basic, uniq_ijyb, uniq_jessica, uniq_crazy_yiuf_cottage,
          uniq_natasha

Skill      XL: |  1  2  3 |
---------------+----------+-----
Fighting       | 3 4 |  4.0
Short Blades   | 3 |  3.9
Throwing       | |  1.7
Dodging        | |  2.6

Action                     |  1- 3 |  4- 6 || total
---------------------------+-------+-------++-------
  Melee: Short sword       |   135 |    23 ||   158
         Rapier            |     4 |       ||     4
         Kick              |    25 |     4 ||    29
         Punch             |     1 |       ||     1
    Use: Scroll            |     1 |       ||     1
   Stab: Sleeping          |     3 |       ||     3
 Armour: Leather armour    |    55 |     5 ||    60
  Dodge: Dodged            |    77 |    13 ||    90
  Block: Other             |    10 |     3 ||    13

Table legend: (Time is in decaauts)
 A = Elapsed time spent in this place.
 B = Non-inter-level travel time spent in this place.
 C = Inter-level travel time spent in this place.
 D = Time resting spent in this place.
 E = Time spent auto-exploring this place.
 F = Levels seen in this place.
 G = Mean time per level.
                   A        B        C        D        E       F      G
               +--------+--------+--------+--------+--------+-----+--------+
         Total |   2536 |   2488 |     48 |    332 |   1760 |   3 |  845.3 |
       Dungeon |   2536 |   2488 |     48 |    332 |   1760 |   3 |  845.3 |
               +--------+--------+--------+--------+--------+-----+--------+

Top non-repeatable levels by time:
     D:2: 1162 daAuts
     D:1: 758 daAuts
     D:3: 614 daAuts
